 Dungeon Crawl Stone Soup version 0.27.1-16-g815e20cd7a (webtiles) character file.

Game seed: 4427686183158120434

8 ces the Charlatan (level 2, -1/14 HPs)
             Began as a Spriggan Artificer on Nov 21, 2021.
             Slain by a goblin (2 damage)
             ... on level 1 of the Dungeon.
             The game lasted 00:01:40 (370 turns).

ces the Charlatan (Spriggan Artificer)               Turns: 370, Time: 00:01:40

Health: -1/14      AC:  2    Str:  8    XL:     2   Next: 0%
Magic:  3/3        EV: 17    Int: 12    God:
Gold:   10         SH:  0    Dex: 15    Spells: 1/1 levels left

rFire    . . .     SeeInvis +   g - +0 dagger
rCold    . . .     Faith    .   (shield restricted)
rNeg     . . .     Spirit   .   b - +0 robe
rPois    .         Reflect  .   (helmet restricted)
rElec    .         Harm     .   (no cloak)
rCorr    .         Rampage  .   (gloves unavailable)
Will     .....                  (boots unavailable)
Stlth    ++........             (no amulet)
HPRegen  0.04/turn              (no ring)
MPRegen  0.08/turn              (no ring)

@: very quick
A: very small, no large weapons, unfitting armour, see invisible, speed 3
a: no special abilities


You were on level 1 of the Dungeon.
You visited 1 branch of the dungeon, and saw 1 of its levels.

You collected 10 gold pieces.

Inventory:

Hand Weapons
 a - a +0 club
 g - a +0 dagger (weapon)
Armour
 b - a +0 robe (worn)
Wands
 c - a wand of flame (9) (quivered)
 d - a wand of charming (15)
Potions
 f - a potion of flight {unknown}
Miscellaneous
 e - a piece from Xom's chessboard (15/15)


   Skills:
 - Level 0.7 Fighting
 + Level 1.0 Short Blades
 - Level 3.3 Dodging
 + Level 1.9 Stealth
 - Level 4.2 Evocations


You had one spell level left.
You didn't know any spells.
Your spell library was empty.

Dungeon Overview and Level Annotations

Branches:
Dungeon (1/15)

Altars:


Innate Abilities, Weirdness & Mutations

You are very small and have problems with some larger weapons.
You are too small for most types of armour.
You have supernaturally acute eyesight. (SInv)
You cover ground extremely quickly. (Speed+++)


Message History

You have reached level 2!
A goblin comes into view. It is wielding a +0 dagger.
A goblin is nearby!
A goblin is nearby!
A goblin is nearby!
You see here a hobgoblin corpse.
A kobold comes into view. It is wielding a +2 whip of distortion.
Found a whip, a robe and the Guide on Unholy Changing.
The kobold shouts!
The goblin shouts!
The kobold throws a stone.
The stone closely misses you.
You hear a shout!
A goblin comes into view. It is wielding a +0 club.
The goblin shouts!
The goblin misses you.
You hit the goblin.
The goblin is severely wounded.
The goblin barely misses you.
A rat comes into view.
You closely miss the goblin.
The goblin is severely wounded.
The goblin misses you.
You barely miss the goblin.
The goblin is severely wounded.
The goblin hits you with a +0 dagger.
You hit the goblin but do no damage.
The goblin is severely wounded.
The kobold misses you. The goblin barely misses you.
You closely miss the goblin.
The goblin is severely wounded.
The kobold misses you.
You hit the goblin but do no damage.
The goblin is severely wounded.
The goblin hits you but does no damage. The goblin hits you with a +0 club.
The kobold hits you with a +2 whip of distortion.
Space bends around you.
* * * LOW HITPOINT WARNING * * *
You are too injured to fight recklessly!
You are too injured to fight recklessly!
The goblin completely misses you. The goblin hits you with a +0 club.
You die...

## ....## #...##.. #..
#####!..# #>..##.. #..
#[)K#...####.......
...#...#.....###.#.#..
..#...#†..#.##.)#.#..
#.###.##.........###
#..K#.#......####
#.##...##.##.....#
#..g@g..#.#...#.#
#..#..r.##.##....#
#...........#:#...... .
#......###..###..####..
.....##.# ##.....## #
...## #.# ..# # ..# #.#
## #.#


You could see 2 goblins, a kobold and a rat.

Vanquished Creatures
  2 goblins (D:1)
  3 hobgoblins (D:1)
  A frilled lizard (D:1)
  A rat (D:1)
7 creatures vanquished.

Notes
Turn   | Place    | Note
-------+----------+-------------------------------------------
     0 | D:1      | ces the Spriggan Artificer began the quest for the Orb.
     0 | D:1      | Reached XP level 1. HP: 9/9 MP: 2/2
   358 | D:1      | Reached skill level 1 in Short Blades
   358 | D:1      | Reached XP level 2. HP: 13/14 MP: 3/3
   370 | D:1      | Slain by a goblin

Illustrated notes

Levels and vault maps discovered:
D:1:      psy_arrival_whirlpool, layout_rooms,
          hellmonk_ecumenical_altar_blasted, minmay_vboxes

Skill      XL: |  1 |
---------------+----+-----
Short Blades   | 1 |  1.0
Fighting       | |  0.7
Dodging        | |  3.3
Stealth        | |  1.9
Evocations     | |  4.2

Action                   || total
-------------------------++-------
Melee: Dagger            ||    19
Evoke: Wand              ||     6
Armor: Robe              ||     1
Dodge: Dodged            ||    16
